 Dungeon Crawl Stone Soup version 0.18.1-1-g2f07953 (webtiles) character file.

74 AlphabetPasta the Insei (level 4, -3/32 HPs)
             Began as a Demonspawn Transmuter on May 7, 2016.
             Slain by a gnoll
             ... wielding a +0 halberd
              (16 damage)
             ... on level 2 of the Dungeon on May 8, 2016.
             The game lasted 00:07:52 (1439 turns).

AlphabetPasta the Insei (Demonspawn Transmuter)     Turns: 1439, Time: 00:07:52

Health: -3/32      AC:  2    Str: 10    XL:     4   Next: 10%
Magic:  6/7        EV: 12    Int: 16    God:
Gold:   105        SH:  0    Dex: 13    Spells: 3 memorised, 1 level left

rFire  . . .     SeeInvis .       - Unarmed
rCold  . . .     Gourm    +     b - +0 robe
rNeg   . . .     Faith    .     (no shield)
rPois  .         Spirit   .     (no helmet)
rElec  .         Dismiss  .     (no cloak)
rCorr  .         Reflect  .     (no gloves)
SustAt .         Harm     .     (boots currently unavailable)
MR     .....                    e - amulet of the gourmand
Stlth  +.........               (no ring)
                                (no ring)

@: appendage (expiring), not resistant to hostile enchantments, very unstealthy
A: talons 3, spiny 1, sturdy frame 1
a: End Transformation


You were on level 2 of the Dungeon.
You were completely stuffed.
You had grown temporary talons.
You visited 1 branch of the dungeon, and saw 2 of its levels.

You collected 105 gold pieces.

Inventory:

Missiles
 a - 28 arrows
Armour
 b - a +0 robe (worn)
 f - a +0 shield
Jewellery
 e - an amulet of the gourmand (around neck)
 g - an uncursed amulet of guardian spirit
 j - a +3 ring of intelligence {unknown}
Scrolls
 h - 5 scrolls of identify {unknown}
 l - a scroll of recharging {unknown}
Potions
 k - 2 potions of degeneration {unknown}
Books
 c - a book of Changes

   Spells                             Type                      Level
   a - Beastly Appendage              Transmutation                1
   b - Sticks to Snakes               Transmutation                2
   c - Spider Form                    Transmutation/Poison         3
   d - Ice Form                       Ice/Transmutation            4
   e - Blade Hands                    Transmutation                5
Comestibles
 d - a bread ration
 i - a beef jerky
 m - 5 chunks of flesh
 n - 5 fruits


   Skills:
 + Level 1.5 Fighting
 + Level 2.2 Dodging
 + Level 0.5 Shields
 + Level 3.3 Unarmed Combat
 + Level 2.3 Spellcasting
 + Level 2.4 Transmutations


You had one spell level left.
You knew the following spells:

 Your Spells              Type           Power        Failure   Level  Hunger
a - Beastly Appendage     Trmt           #.....       10%         1    #......
b - Sticks to Snakes      Trmt           #.......     12%         2    ###....
c - Spider Form           Trmt/Pois      #.........   38%         3    ###....


Dungeon Overview and Level Annotations

Branches:
Dungeon (2/15)

Altars:


Innate Abilities, Weirdness & Mutations

You are partially covered in sharp spines.
Your movements are slightly less encumbered by armour (ER -2).
You have claws for feet.


Message History

Things that are here:
a gnoll corpse; a rat corpse; a quokka corpse You hit the gnoll.
The gnoll is lightly wounded.
The gnoll barely misses you. The gnoll completely misses you.
You barely miss the gnoll.
The gnoll is lightly wounded.
The gnoll barely misses you. The gnoll is struck by your spines.
The gnoll barely misses you.
You hit the gnoll.
The gnoll is heavily wounded.
The gnoll barely misses you. The gnoll hits you.
You hit the gnoll.
The gnoll is severely wounded.
You hit the gnoll. Your kick misses the gnoll.
The gnoll is severely wounded.
The gnoll hits you.
The gnoll hits you from afar with a halberd!
Ouch! That really hurt!
You die...

#.# .# #.# . .. .. #.# #
...#. #.# #
#.#.######.###.##.#########
..........................
#.....##.#.#.##.####....#
#.#%....##)#.# .....##.##..
##.......##@#.###..####.##.)
.........gg.................
..........#........####.##.(
..........#.#.#.#..###....(.
...........<..#.....##..##.#
..........#.####....##......
..........### #....##.###.#
..........# #(...##.###..
..........# #............


You could see 2 gnolls.

Vanquished Creatures
  2 gnolls (D:2)
  An adder (D:2)
  3 worms (D:2)
  A giant cockroach (D:1)
  4 hobgoblins
  4 jackals (D:1)
  4 kobolds
  A quokka (D:2)
  A ball python (D:2)
  3 bats
  3 giant newts (D:1)
  9 goblins
  2 rats
38 creatures vanquished.

Notes
Turn   | Place    | Note
--------------------------------------------------------------
     0 | D:1      | AlphabetPasta the Demonspawn Transmuter began the quest for the Orb.
     0 | D:1      | Reached XP level 1. HP: 15/15 MP: 3/3
   264 | D:1      | Gained mutation: Your movements are slightly less encumbered by armour (ER -2). [demonic ancestry]
   264 | D:1      | Reached XP level 2. HP: 19/21 MP: 5/5
   457 | D:1      | Reached skill level 3 in Unarmed Combat
  1154 | D:2      | Gained mutation: You are partially covered in sharp spines. [demonic ancestry]
  1154 | D:2      | Reached XP level 3. HP: 13/26 MP: 4/6
  1294 | D:2      | Learned a level 2 spell: Sticks to Snakes
  1298 | D:2      | Learned a level 3 spell: Spider Form
  1431 | D:2      | Reached XP level 4. HP: 23/32 MP: 5/7
  1439 | D:2      | Slain by a gnoll

Skill      XL: |  1  2 |
---------------+-------+-----
Transmutations | 2 |  2.4
Dodging        | 2 |  2.2
Unarmed Combat | 3 |  3.3
Fighting       | |  1.5
Shields        | |  0.5
Spellcasting   | |  2.3

Action                   |  1- 3 |  4- 6 || total
-------------------------+-------+-------++-------
Melee: Unarmed           |   152 |     5 ||   157
       Kick              |     9 |       ||     9
       Punch             |     1 |       ||     1
       Headbutt          |     4 |       ||     4
 Cast: Beastly Appendage |    15 |       ||    15
 Stab: Sleeping          |     1 |       ||     1
  Eat: Chunk             |    14 |       ||    14
Armor: Robe              |    33 |       ||    33
Dodge: Dodged            |    70 |     5 ||    75
